 Dungeon Crawl Stone Soup version 0.26-a0-649-gf8c6c3aab7 (webtiles) character file.

Game seed: 16452952666735867214

277 smeego the Shield-Bearer (level 6, -4/42 HPs)
             Began as an Octopode Fighter on Sept 27, 2020.
             Killed from afar by an orc wizard (12 damage)
             ... with a puff of frost
             ... on level 3 of the Dungeon.
             The game lasted 00:01:41 (2168 turns).

smeego the Shield-Bearer (Octopode Fighter)         Turns: 2168, Time: 00:01:41

Health: -4/42      AC:  1    Str: 17    XL:     6   Next: 25%
Magic:  6/6        EV: 12    Int: 10    God:
Gold:   130        SH:  9    Dex: 12    Spells: 5/5 levels left

rFire    . . .     SeeInvis .   a - +0 long sword
rCold    . . .     Faith    .   b - +0 kite shield
rNeg     . . .     Spirit   .   (helmet restricted)
rPois    .         Reflect  .   (no amulet)
rElec    .         Harm     .   (no ring)
rCorr    .         Rampage  .   (no ring)
MR       .....                  (no ring)
Stlth    +++.......             (no ring)
HPRegen  0.14/turn              (no ring)
MPRegen  0.10/turn              (no ring)
                                (no ring)
                                (no ring)

@: no status effects
A: almost no armour, stealthy swim, amphibious, 8 rings, constrict 8, camouflage
1, gelatinous body 1
a: no special abilities


You were on level 3 of the Dungeon.
You visited 1 branch of the dungeon, and saw 3 of its levels.

You collected 130 gold pieces.

Inventory:

Hand Weapons
 a - a +0 long sword (weapon)
 l - a +0 dagger
Missiles
 j - 14 sling bullets
Armour
 b - a +0 kite shield (worn)
Scrolls
 e - a scroll of fog {unknown}
 g - 4 scrolls of identify {unknown}
 n - 2 scrolls of immolation {unknown}
 p - 4 scrolls of teleportation {unknown}
 q - 2 scrolls of amnesia {unknown}
Potions
 c - 3 potions of might
 d - 2 potions of heal wounds {unknown}
 f - a potion of lignification {unknown}
 h - 3 potions of haste {unknown}
 i - a potion of flight {unknown}
 k - 2 potions of magic {unknown}
 m - 2 potions of resistance {unknown}
 o - a potion of cancellation {unknown}
 r - a potion of berserk rage {unknown}


   Skills:
 + Level 3.5 Fighting
 * Level 3.5 Long Blades
 + Level 2.0 Throwing
 + Level 3.5 Dodging
 + Level 2.7 Stealth
 + Level 3.6 Shields
 + Level 1.8 Unarmed Combat


You had 5 spell levels left.
You didn't know any spells.
Your spell library was empty.

Dungeon Overview and Level Annotations

Branches:
Dungeon (3/15)

Altars:


Innate Abilities, Weirdness & Mutations

You cannot wear most types of armour.
You are very stealthy in the water. (Stealth+)
You are amphibious.
You can wear up to eight rings at the same time.
You can use your tentacles to constrict eight enemies at once.
Your skin changes colour to match your surroundings (Stealth+).
Your rubbery body absorbs attacks. (AC +1, EV +1)


Message History

You kill the orc!
Your Throwing skill increases to level 2!
Something hits you.
No target in view!
You miss something. Your squeeze misses something. Something hits you.
Something barely misses you.
You closely miss something. Your squeeze misses something.
Something hits you. x2
You hit something. You squeeze something. Something hits you.
Something barely misses you.
You completely miss something. Something hits you. x2
You completely miss something. Something hits you. x2
You barely miss something. You squeeze something!
You hear some strange, mumbled words.
A puff of frost appears from out of thin air!
The puff of frost hits you.
* * * LOW HITPOINT WARNING * * *
You hear some strange, mumbled words.
A puff of frost appears from out of thin air!
The puff of frost hits you!
You die...

######.... #..
#......... #.#
#......... #.#
#......... #.# #...$...#
#.# #.......# #.#
#.......# #.# #{#######
#.# #@#.....# #.#
#.#.....# #.#
################.#.....#
#.#
#................#.....#
#.#
#.#######........#.....#
.. #.#
#.#######.##.....#.....#
... #.#
.......##.##.....#.....#
#.. #.#
.......##.##.....#.....#
#..##.#
(......##.##.#####.....#
.#...#.#


There were no monsters in sight!

Vanquished Creatures
  Grinder (D:3)
  An adder (D:2)
  4 worms (D:2)
  A dart slug (D:2)
  2 leopard geckos (D:1)
  4 orcs (D:3)
  5 giant cockroaches
  5 hobgoblins
  3 jackals (D:2)
  7 kobolds
  4 bats
  4 frilled lizards
  4 goblins
  10 rats
55 creatures vanquished.

Notes
Turn   | Place    | Note
-------+----------+-------------------------------------------
     0 | D:1      | smeego the Octopode Fighter began the quest for the Orb.
     0 | D:1      | Reached XP level 1. HP: 16/16 MP: 1/1
    86 | D:1      | Reached XP level 2. HP: 11/21 MP: 2/2
   412 | D:1      | Reached skill level 1 in Stealth
   415 | D:1      | Reached XP level 3. HP: 26/26 MP: 3/3
  1040 | D:2      | Reached skill level 1 in Throwing
  1046 | D:2      | Reached skill level 1 in Unarmed Combat
  1203 | D:2      | Reached XP level 4. HP: 23/31 MP: 4/4
  1598 | D:2      | Found a faded altar of an unknown god.
  2080 | D:3      | Noticed Grinder
  2087 | D:3      | Killed Grinder
  2087 | D:3      | Reached XP level 5. HP: 30/36 MP: 5/5
  2087 | D:3      | Reached XP level 6. HP: 36/42 MP: 6/6
  2168 | D:3      | Killed from afar by an orc wizard

Illustrated notes

Levels and vault maps discovered:
D:1:      sevenhm_arrival_forest_fort_small_4, layout_rooms
D:2:      layout_basic, chequers_ecumenical_altar_twisty
D:3:      layout_basic, uniq_grinder

Skill      XL: |  1  2  3  4  5  6 |
---------------+-------------------+-----
Stealth        | 1 2 |  2.7
Throwing       | 1 2 |  2.0
Unarmed Combat | 1 |  1.8
Long Blades    | 3 |  3.5
Fighting       | |  3.5
Dodging        | |  3.5
Shields        | |  3.6

Action                   |  1- 3 |  4- 6 || total
-------------------------+-------+-------++-------
Melee: Long sword        |    56 |    42 ||    98
       Constrict         |    21 |    12 ||    33
       Tentacles         |    12 |    11 ||    23
 Stab: Sleeping          |     7 |     2 ||     9
Armor: Skin              |     3 |       ||     3
Dodge: Dodged            |    20 |    18 ||    38
Block: Kite shield       |    11 |    15 ||    26
       Rpst.: Long sword |    10 |     4 ||    14

Table legend: (Time is in decaauts)
 A = Elapsed time spent in this place.
 B = Non-inter-level travel time spent in this place.
 C = Inter-level travel time spent in this place.
 D = Time resting spent in this place.
 E = Time spent auto-exploring this place.
 F = Levels seen in this place.
 G = Mean time per level.
                   A        B        C        D        E       F      G
               +--------+--------+--------+--------+--------+-----+--------+
         Total |   2201 |   2137 |     64 |    300 |   1461 |   3 |  733.7 |
       Dungeon |   2201 |   2137 |     64 |    300 |   1461 |   3 |  733.7 |
               +--------+--------+--------+--------+--------+-----+--------+

Top non-repeatable levels by time:
     D:2: 1197 daAuts
     D:1: 762 daAuts
     D:3: 241 daAuts
